 Dungeon Crawl Stone Soup version 0.25-a0-578-gc91f01c39c (webtiles) character file.

Game seed: 8371336998723364835, levelgen mode: deterministic

199 Kohma the Changer (level 5, 0/40 HPs)
             Began as a Draconian Transmuter on Mar 6, 2020.
             Was a Follower of Nemelex Xobeh.
             Slain by a gnoll (9 damage)
             ... on level 3 of the Dungeon.
             The game lasted 00:05:19 (2064 turns).

Kohma the Changer (Draconian Transmuter)            Turns: 2064, Time: 00:05:20

Health: 0/40       AC:  2    Str: 12    XL:     5   Next: 48%
Magic:  7/10       EV: 19    Int: 14    God:    Nemelex Xobeh [*.....]
Gold:   88         SH:  0    Dex: 17    Spells: 4/10 levels left

rFire    . . .     SeeInvis .     - Unarmed
rCold    . . .     Gourm    .   (shield currently unavailable)
rNeg     . . .     Faith    .   (armour unavailable)
rPois    x         Spirit   .   (helmet currently unavailable)
rElec    .         Reflect  .   (cloak currently unavailable)
rCorr    .         Harm     .   (gloves currently unavailable)
MR       .....                  (boots currently unavailable)
Stlth    ++........             (no amulet)
HPRegen  0.13/turn              (no ring)
MPRegen  0.12/turn              (no ring)

@: spider-form (expiring)
A: tiny, unfitting armour, AC +5
a: End Transformation, Draw Escape, Draw Destruction, Draw Summoning, Renounce
Religion


You were on level 3 of the Dungeon.
You worshipped Nemelex Xobeh.
Nemelex Xobeh was aware of your devotion.
You were hungry.
You were a venomous arachnid creature.
You visited 1 branch of the dungeon, and saw 3 of its levels.

You collected 88 gold pieces.

Inventory:

Hand Weapons
 h - a +2 dagger of venom
Missiles
 a - 23 arrows
 d - 2 throwing nets (quivered)
 e - 72 stones
 r - 16 poisoned darts
Armour
 o - a +0 cloak (melded)
Jewellery
 q - an uncursed amulet of regeneration {unknown}
Wands
 t - a wand of iceblast (6)
Scrolls
 b - a scroll of magic mapping {unknown}
 f - a scroll of amnesia {unknown}
 g - 3 scrolls of teleportation {unknown}
 j - 2 scrolls of fear {unknown}
 k - 3 scrolls of identify {unknown}
 m - a scroll of enchant weapon {unknown}
 u - a scroll of remove curse {unknown}
Potions
 i - a potion of might {unknown}
 n - 2 potions of curing {unknown}
 p - 3 potions of heal wounds {unknown}
 s - a potion of mutation {unknown}
Comestibles
 c - 6 rations
 l - 3 chunks of flesh


   Skills:
 - Level 1.1 Fighting
 - Level 1.7 Dodging
 - Level 3.0 Unarmed Combat
 + Level 3.4 Spellcasting
 * Level 4.9 Transmutations


You had 4 spell levels left.
You knew the following spells:

 Your Spells              Type           Power        Failure   Level  Hunger
a - Beastly Appendage     Tmut           ###...       10%         1    #......
b - Sticks to Snakes      Tmut           ###.....     13%         2    ##.....
c - Spider Form           Tmut/Pois      #.........   43%         3    ###....

Your spell library contained the following spells:

 Spells                   Type           Power        Failure   Level  Hunger
 Ice Form                 Ice/Tmut       #.......     78%         4    #####..
 Blade Hands              Tmut           ###.......   78%         5    ######.


Dungeon Overview and Level Annotations

Branches:
Dungeon (3/15)

Altars:
Gozag
Nemelex Xobeh
Qazlal
Zin


Innate Abilities, Weirdness & Mutations

((Your plain brown scales are hard. (AC +5)))
You cannot fit into any form of body armour.
((You are cold-blooded and may be slowed by cold attacks.))


Message History

You hit the gnoll.
You kill the gnoll!
You hit the gnoll but do no damage.
The gnoll is poisoned.
The gnoll misses you.
You hit the gnoll.
The gnoll looks as sick as possible!
The gnoll is moderately wounded.
The gnoll closely misses you.
You hit the gnoll.
The gnoll is severely wounded.
You kill the gnoll!
You closely miss the gnoll. The gnoll hits you.
* * * LOW HITPOINT WARNING * * *
You hit the gnoll.
The gnoll is poisoned.
The gnoll is lightly wounded.
The gnoll misses you.
You hit the gnoll but do no damage.
The gnoll looks as sick as possible!
The gnoll is lightly wounded.
The gnoll hits you!
You die...
Your body disappears without a glow.

##########
......gs.#
########.#
#########.#
..........#
########..#
#..#
#..######
#.......#
#.#####.#


You could see a gnoll.

Vanquished Creatures
  A bullfrog (D:2)
  Jessica (D:2)
  3 gnolls (D:3)
  3 adders
  An ooze (D:1)
  An adder zombie (D:2)
  A worm (D:2)
  A dart slug (D:1)
  4 bats
  A bat zombie (D:2)
  2 giant cockroaches
  10 goblins
  5 hobgoblins
  A jackal (D:1)
  A kobold (D:1)
  3 frilled lizards
  2 jackal skeletons (D:2)
  A leopard gecko skeleton (D:2)
  A leopard gecko zombie (D:2)
  9 rats
52 creatures vanquished.

Vanquished Creatures (collateral kills)
  A jackal (D:1)
  A goblin (D:2)
2 creatures vanquished.

Grand Total: 54 creatures vanquished

Notes
Turn   | Place    | Note
-------+----------+-------------------------------------------
     0 | D:1      | Kohma the Draconian Transmuter began the quest for the Orb.
     0 | D:1      | Reached XP level 1. HP: 16/16 MP: 3/3
   215 | D:1      | Reached XP level 2. HP: 21/23 MP: 3/5
   216 | D:1      | You fall into a shaft and drop 1 floor!
   217 | D:2      | Noticed Jessica
   232 | D:2      | Killed Jessica
   232 | D:2      | Reached skill level 3 in Transmutations
   232 | D:2      | Reached XP level 3. HP: 22/28 MP: 4/6
   300 | D:2      | Found a sparkling altar of Nemelex Xobeh.
   309 | D:2      | Became a worshipper of Nemelex Xobeh the Trickster
   649 | D:2      | Learned a level 2 spell: Sticks to Snakes
   653 | D:2      | Learned a level 3 spell: Spider Form
   700 | D:1      | Received a gift from Nemelex Xobeh
  1038 | D:1      | Reached XP level 4. HP: 35/35 MP: 6/8
  1207 | D:2      | Noticed a bullfrog
  1218 | D:2      | Killed a bullfrog
  1218 | D:2      | Reached skill level 4 in Transmutations
  1224 | D:2      | Reached XP level 5. HP: 24/40 MP: 2/9
  1374 | D:2      | Found an opulent altar of Gozag.
  1374 | D:2      | Found a glowing silver altar of Zin.
  1433 | D:2      | Reached * piety under Nemelex Xobeh
  1481 | D:2      | Found a stormy altar of Qazlal.
  2064 | D:3      | Slain by a gnoll

Levels and vault maps discovered:
D:1:      dpeg_arrival_leaves_temple_mockup, layout_rooms
D:2:      layout_rooms, grunt_temple_overflow_gold_and_silver,
          nicolae_qazlal_general_emergency, nemelex_xobeh_ov_fountains_minmay,
          serial_undead, serial_undead_c, serial_undead_f, serial_undead_e,
          serial_undead_b, first_ration, uniq_jessica
D:3:      layout_loops_ring

Skill      XL: |  1  2  3  4 |
---------------+-------------+-----
Transmutations | 3 4 |  4.9
Spellcasting   | 3 |  3.4
Fighting       | |  1.1
Dodging        | |  1.7
Unarmed Combat | |  3.0

Action                   |  1- 3 |  4- 6 || total
-------------------------+-------+-------++-------
Melee: Unarmed           |    98 |    89 ||   187
       Kick              |     9 |     3 ||    12
       Tailslap          |    13 |     9 ||    22
       Headbutt          |     3 |       ||     3
       Punch             |     1 |       ||     1
 Cast: Beastly Appendage |     8 |     2 ||    10
       Sticks to Snakes  |     2 |     2 ||     4
       Spider Form       |       |     3 ||     3
 Stab: Sleeping          |       |     1 ||     1
       Distracted        |       |     1 ||     1
  Eat: Chunk             |     1 |     3 ||     4
Armor: Skin              |    44 |    20 ||    64
Dodge: Dodged            |    79 |    61 ||   140

Table legend:
 A = Non-vault XP
 B = Vault XP
 C = Vault XP percentage of total XP
 D = Non-vault monster count
 E = Vault monster count
 F = Vault count percentage of total count
                 A         B        C        D         E       F
            +---------+---------+-------+---------+---------+-------
      Total |     236 |      49 |  17.2 |      47 |       7 |  13.0
            +---------+---------+-------+---------+---------+-------
        D:1 |      44 |       0 |   0.0 |      21 |       0 |   0.0
        D:2 |     129 |      49 |  27.5 |      15 |       7 |  31.8
        D:3 |      63 |       0 |   0.0 |      11 |       0 |   0.0
            +---------+---------+-------+---------+---------+-------
